 Dungeon Crawl Stone Soup version 0.28.0 (webtiles) character file.

Game seed: 16912343769203105462

123 HallandMoats the Skirmisher (level 4, -4/38 HPs)
             Began as a Demonspawn Monk on Feb 6, 2022.
             Succumbed to a gnoll's poison
             ... on level 2 of the Dungeon.
             The game lasted 00:02:32 (2554 turns).

HallandMoats the Skirmisher (Demonspawn Monk)       Turns: 2554, Time: 00:02:33

Health: -4/38      AC:  4    Str: 15      XL:     4   Next: 80%
Magic:  14/14      EV: 13    Int: 10 (11) God:
Gold:   46         SH:  4    Dex: 16      Spells: 3/3 levels left

rFire   . . .      SeeInvis .     - Unarmed
rCold   . . .      Faith    .   (no shield)
rNeg    . . .      Spirit   .   a - +0 robe
rPois   .          Reflect  .   h - +0 helmet
rElec   .          Harm     .   e - +0 cloak
rCorr   .          Rampage  .   (no gloves)
Will    .....                   (no boots)
Stlth   ++........              (no amulet)
HPRegen 0.12/turn               k - ring of magical power
MPRegen 0.14/turn               (no ring)

@: lethally poisoned (-4 -> -26)
A: rugged brown scales 1, spiny 1, condensation shield, deformed body,
deterioration 1, strong 1
a: no special abilities


You were on level 2 of the Dungeon.
You visited 1 branch of the dungeon, and saw 2 of its levels.

You collected 46 gold pieces.

Inventory:

Hand Weapons
 b - a +0 dagger of venom
Armour
 a - a +0 robe (worn)
 e - a +0 cloak (worn)
 h - a +0 helmet (worn)
Jewellery
 k - a ring of magical power (left hand)
Scrolls
 c - a scroll of fear {unknown}
 f - a scroll of teleportation {unknown}
 g - a scroll of blinking {unknown}
 i - a scroll of magic mapping {unknown}
 j - a scroll of noise {unknown}


   Skills:
 * Level 4.0 Fighting
 + Level 1.3 Armour
 + Level 3.1 Dodging
 - Level 1.7 Stealth
 * Level 3.4 Unarmed Combat
 + Level 1.8 Invocations


You had 3 spell levels left.
You didn't know any spells.
Your spell library was empty.

Dungeon Overview and Level Annotations

Branches:
Dungeon (2/15)

Altars:
Hepliaklqana


Innate Abilities, Weirdness & Mutations

You are partially covered in rugged brown scales. (AC +1, +3% HP)
You are partially covered in sharp spines.
A meltable shield of frost defends you. (SH +4)
Armour fits poorly on your strangely shaped body.
Your body sometimes deteriorates upon taking damage.
Your muscles are strong. (Str +2)


Message History

The gnoll is moderately wounded.
The gnoll is struck by your spines. The gnoll closely misses you.
You hit the gnoll but do no damage.
The gnoll is heavily wounded.
The gnoll hits you with a +0 club.
You barely miss the gnoll.
The gnoll is heavily wounded.
The gnoll is struck by your spines. The gnoll hits you with a +0 club.
You hit the gnoll.
The gnoll is almost dead.
You hit the gnoll.
You kill the gnoll!
Your Fighting skill increases to level 4!
No target in view!
No target in view!
You start resting.
Magic restored.
Okay, then.
You start resting.
HP restored.
You climb downwards.
The gnoll hits you from afar with a +0 halberd of venom!
You are poisoned.
There is a stone staircase leading up, spattered with blood here.
You feel very sick.
The gnoll hits you with a +0 halberd of venom!
* * * LOW HITPOINT WARNING * * *
You are more poisoned.
Unknown command.
It was a potion of mutation.
You feel extremely strange.
Your body twists and deforms.
You feel stronger.
You feel yourself wasting away.
* * * LOW HITPOINT WARNING * * *
Your body deteriorates!
You feel dopey.
You feel very sick. You block the gnoll's attack.
Unknown command.
Unknown command.
Unknown command.
You hit the gnoll but do no damage.
You die...

#J #.
.#.###.############
..<...............#
#...........#
#...........#
#...........#
#...........# #####
#........g@<# #...#
#...........# #.#.#
###########.# ..#.#
#.#
###.#############.###
....................#
###.#################
.##.# .##.#


You could see a gnoll.

Vanquished Creatures
  An iguana (D:2)
  4 adders (D:2)
  A gnoll (D:1)
  2 dart slugs (D:2)
  A bat (D:2)
  8 endoplasms
  2 giant cockroaches
  4 goblins
  6 hobgoblins (D:1)
  3 jackals (D:1)
  2 quokkas (D:1)
  2 ball pythons (D:2)
  3 frilled lizards
  3 kobolds
  5 rats (D:1)
47 creatures vanquished.

Notes
Turn   | Place    | Note
-------+----------+-------------------------------------------
     0 | D:1      | HallandMoats the Demonspawn Monk began the quest for the
                  | Orb.
     0 | D:1      | Reached XP level 1. HP: 18/18 MP: 1/1
   368 | D:1      | Gained mutation: You are partially covered in sharp spines.
                  | [demonic ancestry]
   368 | D:1      | Reached XP level 2. HP: 18/24 MP: 2/2
  1102 | D:1      | Reached skill level 1 in Invocations
  1258 | D:1      | Gained mutation: You are partially covered in rugged brown
                  | scales. (AC +1, +3% HP) [demonic ancestry]
  1258 | D:1      | Reached XP level 3. HP: 24/29 MP: 3/3
  1730 | D:2      | Reached skill level 1 in Armour
  1734 | D:2      | Found a hazy altar of Hepliaklqana.
  1875 | D:2      | Gained mutation: A meltable shield of frost defends you.
                  | (SH +4) [demonic ancestry]
  1875 | D:2      | Reached XP level 4. HP: 27/38 MP: 5/5
  2057 | D:2      | Found a faded altar of an unknown god.
  2406 | D:1      | Reached skill level 4 in Fighting
  2553 | D:2      | Gained mutation: Armour fits poorly on your strangely
                  | shaped body. [potion of mutation]
  2553 | D:2      | Gained mutation: Your muscles are strong. (Str +2) [potion
                  | of mutation]
  2553 | D:2      | Gained mutation: Your body sometimes deteriorates upon
                  | taking damage. [potion of mutation]
  2553 | D:2      | HP: 1/38 [poisoned by a gnoll]
  2554 | D:2      | Succumbed to a gnoll's poison

Illustrated notes

Levels and vault maps discovered:
D:1:      grunt_arrival_lava_bath, layout_basic, minmay_misc_feat_four_crosses,
          minmay_pentomino_p4
D:2:      layout_basic, ebering_ecumenical_altar_abandoned, basic_altar,
          minmay_split_cup_small

Skill      XL: |  1  2  3  4 |
---------------+-------------+-----
Unarmed Combat | 3 |  3.4
Invocations    | 1 |  1.8
Armour         | 1 |  1.3
Dodging        | 3 |  3.1
Fighting       | 4 |  4.0
Stealth        | |  1.7

Action                   |  1- 3 |  4- 6 || total
-------------------------+-------+-------++-------
Melee: Unarmed           |   114 |    32 ||   146
  Use: Potion            |       |     1 ||     1
 Stab: Sleeping          |     7 |     2 ||     9
Armor: Robe              |    17 |     4 ||    21
Dodge: Dodged            |    62 |    14 ||    76
Block: Other             |       |     7 ||     7
